[Event "*** Titled Tuesday Blitz"]
[Site "Chess.com"]
[Date "2020.11.24"]
[Round "10"]
[White "Michaelson_11"]
[Black "Marina_Chess_Rus"]
[Result "1-0"]
[WhiteElo "2154"]
[BlackElo "2275"]
[TimeControl "180+1"]
[EndTime "12:15:55 PST"]
[Termination "Michaelson_11 won on time"]

1. e4 d5 2. exd5 Qxd5 3. Nc3 Qd6 4. d4 Nf6 5. Bc4 c6 6. Nge2 Bf5 7. Bf4 Qb4 8. Bb3 e6 9. Qd2 Nbd7 10. Ng3 Bg6 11.
f3 Be7 12. O-O-O Nd5 13. Nxd5 Qxd2+ 14. Rxd2 cxd5 15. h4 h5 16. Re2 Nf6 17. Bg5 O-O 18. Rhe1 Rfc8 19. c3 Bd6 20. Nf1 b5 21. Bc2 Bxc2 22.
Rxc2 a5 23. Nd2 Nd7 24. Nb1 Nb6 25. b3 Rc6 26. Kd2 Rac8 27. Kd3 b4 28. Rec1 f6 29. Be3 Kf7 30. cxb4 Rxc2 31. Rxc2 Rxc2 32. Kxc2 axb4 33. Kb2 Ke7 34. a3 bxa3+ 35. Nxa3 Bg3 36. Nb5 Bxh4 37.
Bd2 Bf2 38. Bb4+ Kd7 39. Kc3 Kc6 40. Na7+ Kb7 41. Nb5 Kc6 42. Nd6 e5 43. Nf5 g6 44.
Ne7+ Kd7 45. dxe5 fxe5 46. Nxg6 Bd4+ 47. Kd3 Ke6 48. f4 Ba1 49. fxe5 Kf5 50. Ne7+ Kxe5 51. Nc6+ Ke6 52. Bc5 Nd7 53. Bd4 Bxd4 54. Kxd4 Kd6 55. Nb4 Nb6 56. Nd3 Kc6 57. Nf4 Kd6 58. Nxh5 Kc6 59.
Nf4 Kd6 60. g4 Kc6 61. g5 Kd6 62. b4 Nc4 63. Nxd5 Nd2 64. g6 Nf3+ 65. Ke4 Ne5 66. g7 Ng4 67. g8=Q Nf2+ 68. Kf3 Nd3 69. b5 Nc5 70. b6 Nb3 71. b7 Nd4+ 72. Ke4 Nc6 73.
b8=Q+ Kc5 74. Qc7 Kb5 75. Qxc6+ Kxc6 76. Qe6+ Kc5 77. Qd7 1-0

[Event "*** Titled Tuesday Blitz"]
[Site "Chess.com"]
[Date "2020.11.24"]
[Round "10"]
[White "The_Machine04"]
[Black "IceBelka"]
[Result "1-0"]
[WhiteElo "2495"]
[BlackElo "2323"]
[TimeControl "180+1"]
[EndTime "12:16:06 PST"]
[Termination "The_Machine04 won on time"]

1. d4 d5 2. Bf4 e6 3. e3 Bd6 4. Bg3 c5 5. Nf3 Qc7 6. Ne5 Nd7 7. f4 Ngf6 8. Nd2 cxd4 9. exd4 Qb6 10. Nb3 Ne4 11.
c3 O-O 12. Bd3 f6 13. Nxd7 Bxd7 14. Qe2 f5 15. O-O a5 16. Nc1 a4 17. a3 Rae8 18. Bb1 Bb5 19. Bd3 Bxd3 20. Nxd3 Rc8 21. Ne5 Bxe5 22. fxe5 Qb3 23. Bf4 Qc4 24. Rae1 b5 25. Rf3 Qxe2 26. Rxe2 g5 27. Bc1 g4 28. Rf4 Kg7 29. h3 h5 30. h4 Kg6 31. Kh2 Rc4 32.
g3 Rfc8 33. Bd2 R4c6 34. Rf1 R6c7 35. Kg2 Nxd2 36. Rxd2 Rf7 37. Rf4 Rcf8 38. Kf2 Rc7 39. Ke2 Rfc8 40. Kd3 Rc4 41. Rc2 R4c6 42. Rff2 Rc4 43.
Rf4 Rf8 44. Rcf2 Rc7 45. Rc2 Rcf7 46. Rd2 Kg7 47. Rc2 Rc7 48. Rd2 Rc4 49. Rc2 Kf7 50. Rff2 Ke7 51. Rf4 Kd7 52. Rd2 Kc6 53. Rc2 Kb6 54.
Rd2 Rfc8 55. Rc2 b4 56. axb4 a3 57. bxa3 Kb5 58. Rf1 Ka4 59. Ra1 Kb3 60. Rb1+ Kxa3 61. b5 Rb8 62. b6 Rc6 63. b7 Rc7 64. Rcb2 Rc6 65. Rb6 Rxb6 66. Rxb6 Ka4 67. Rxe6 Rxb7 68. Rd6 Rb1 69. Rxd5 Rg1 70. e6 Rxg3+ 71. Kd2 Rg2+ 72. Ke3 Rg1 73. Rxf5 Re1+ 74. Kf4 Rxe6 75. Rxh5 Kb3 76. Rc5 Rg6 77. Kg3 Rg8 78. h5 Rh8 79. Kxg4 Rg8+ 80. Kf4 1-0

[Event "*** Titled Tuesday Blitz"]
[Site "Chess.com"]
[Date "2020.11.24"]
[Round "10"]
[White "Nachsueb"]
[Black "CakeinSpace2002"]
[Result "1/2-1/2"]
[WhiteElo "2189"]
[BlackElo "2360"]
[TimeControl "180+1"]
[EndTime "12:16:35 PST"]
[Termination "Game drawn by 50-move rule"]

1. c4 c5 2. Nc3 Nc6 3. g3 g6 4.
Bg2 Bg7 5. e4 Nh6 6. Nge2 d6 7.
O-O O-O 8. Rb1 a5 9. d3 e5 10. h3 f5 11. f4 Nf7 12. exf5 Bxf5 13. g4 Be6 14. f5 gxf5 15. gxf5 Bd7 16. Nd5 Bf6 17.
Nxf6+ Qxf6 18. Ng3 Kh8 19. Ne4 Qh4 20. Qg4 Qxg4 21. hxg4 Rg8 22. Nf6 Rgd8 23. Kh2 Rab8 24. Bd5 Kg7 25. Nh5+ Kf8 26. Ng3 Ne7 27. Bg2 b5 28.
Ne4 Bc6 29. Kg3 Bxe4 30. Bxe4 Ng8 31. g5 Ne7 32. g6 hxg6 33. fxg6 Nxg6 34. Bxg6 Rb7 35.
Bh6+ Kg8 36. Bxf7+ Rxf7 37. Rxf7 Kxf7 38. cxb5 a4 39.
b3 axb3 40. Rxb3 Ke6 41. Kf3 Ra8 42. a3 Kd5 43. Be3 c4 44. dxc4+ Kxc4 45. Rb1 d5 46. b6 d4 47. b7 Rb8 48. Bg5 d3 49. Ke3 Kc3 50. Bf6 Kc2 51. Rb6 d2 52. Rc6+ Kb2 53. Bxe5+ Ka2 54. Rc2+ Kxa3 55. Rxd2 Rxb7 56. Kd3 Rd7+ 57. Bd4 Rb7 58. Kc3 Rc7+ 59. Kd3 Kb3 60. Rb2+ Ka3 61. Rb8 Rd7 62. Kc4 Rc7+ 63. Bc5+ Ka2 64.
Rb6 Rg7 65. Bd4 Rc7+ 66. Kd3 Ka3 67. Bc3 Ka4 68. Kc2 Rf7 69. Rh6 Rf2+ 70. Bd2 Rf6 71. Rh5 Rc6+ 72. Bc3 Ra6 73. Rh1 Kb5 74. Kd3 Rd6+ 75.
Bd4 Rd7 76. Rb1+ Kc6 77. Rb6+ Kd5 78. Rh6 Rb7 79. Rh5+ Kd6 80. Kc4 Rc7+ 81. Bc5+ Ke6 82. Rh6+ Ke5 83. Kb5 Rb7+ 84. Bb6 Rf7 85. Bc5 Kd5 86.
Rh5+ Ke4 87. Kc6 Rf6+ 88. Kb5 Rf3 89. Kc4 Rf1 90. Rh4+ Kf5 91. Rh8 Rc1+ 92. Kd5 Rd1+ 93. Bd4 Kf4 94. Rf8+ Kg5 95. Ke4 Re1+ 96. Be3+ Kg6 97.
Rf2 Rd1 98. Ke5 Re1 99. Rf6+ Kg7 100. Rf3 Kg6 101. Ke6 Re2 102. Rg3+ Kh5 103. Kf5 Kh4 104. Bf4 Re8 105. Rg6 Rf8+ 1/2-1/2

[Event "*** Titled Tuesday Blitz"]
[Site "Chess.com"]
[Date "2020.11.24"]
[Round "10"]
[White "champ2005"]
[Black "Sharpchess22"]
[Result "1-0"]
[WhiteElo "3014"]
[BlackElo "2818"]
[TimeControl "180+1"]
[EndTime "12:17:13 PST"]
[Termination "champ2005 won by resignation"]

1. c4 e5 2. Nc3 Nf6 3. g3 Nc6 4. Bg2 Bc5 5. e3 a6 6. Nf3 d6 7.
b3 O-O 8. O-O Bf5 9. Ne1 e4 10.
f3 exf3 11. Qxf3 Bg6 12. h3 Re8 13. Bb2 Rb8 14. g4 h6 15. Qg3 Ba7 16. Rf2 Nb4 17. a3 Nd3 18. Nxd3 Bxd3 19. h4 h5 20. gxh5 Nxh5 21.
Qg4 Nf6 22. Qg5 Re5 23. Qg3 c6 24. Bf3 Qe7 25. Rg2 g6 26. Ne2 Rf5 27. Rf1 Re8 28.
Rff2 Ne4 29. Bxe4 Bxe4 30. Rxf5 Bxf5 31. h5 Be4 32. hxg6 Bxg2 33. gxf7+ Kxf7 34. Qg7+ Ke6 35. Qg4+ Kf7 36. Nf4 Rg8 37. Qh5+ Kf8 38. Qh6+ Ke8 39.
Nxg2 Qe4 40. Qh3 Ke7 41. Kf2 Qg4 42. Qxg4 Rxg4 43. Kf3 Rg8 44. Nf4 Bb8 45. a4 Rg1 46. b4 Rb1 47. Bc3 Bc7 48. a5 Kd7 49. Nd3 Bd8 50.
e4 Be7 51. Ke3 Rh1 52. Ke2 Rh2+ 53. Ke3 Rh3+ 54. Ke2 Bg5 55. e5 Rh2+ 56. Kf3 Rh3+ 57. Ke2 Ke6 58. exd6 Kxd6 59. Nc5 Kc7 60. Be5+ Kc8 61.
Ne4 Be7 62. Bc3 Rh4 63. d3 Rh2+ 64. Ke3 Rc2 65. Kd4 Bf8 66. Ke3 Rc1 67. Kd2 Bh6+ 68. Ke2 Rb1 69. Nd6+ Kc7 70. Ne4 Bf8 71. c5 Kd7 72.
Kd2 Bh6+ 73. Kc2 Rh1 74. Nd6 Kc7 75. Be5 Rh5 76. d4 Rh3 77. Nf5+ Kd7 78. Nd6 Kc7 79. b5 axb5 80. Nxb5+ Kc8 81. Nd6+ Kb8 82. Nc4+ Ka7 83. Bc7 Ka6 84. Bb6 Bg7 85. d5 cxd5 86. Nd6 d4 87. Ne8 Kb5 88. Nxg7 Kc4 89. Nf5 Rh2+ 90.
Kd1 Kd3 91. Kc1 Rh1+ 92. Kb2 Kc4 93. Nxd4 Rh2+ 94. Kc1 Kxd4 95. c6+ Kc3 96. Bd4+ Kxd4 97. cxb7 Rh8 98. a6 Kc3 99. Kd1 Kd3 100. Ke1 Ke3 101. Kf1 Kf3 102. Kg1 Kg3 103. a7 Rd8 104. b8=Q+ Rxb8 105. axb8=Q+ Kf3 106. Qb7+ Ke3 107. Qc7 Kd3 108. Qg3+ Ke4 109. Kg2 Kf5 110. Qf3+ Ke6 111. Kf2 Ke5 112. Ke3 Kd6 113.
Qe4 Kc5 114. Qe5+ Kc6 115. Kd4 Kd7 116. Kd5 Kd8 117. Kd6 1-0

[Event "*** Titled Tuesday Blitz"]
[Site "Chess.com"]
[Date "2020.11.24"]
[Round "11"]
[White "reniite"]
[Black "Ariadna_Atreides"]
[Result "1-0"]
[WhiteElo "1957"]
[BlackElo "2079"]
[TimeControl "180+1"]
[EndTime "12:19:57 PST"]
[Termination "reniite won by checkmate"]

1. e4 c5 2. Nf3 d6 3. d4 cxd4 4. Nxd4 Nf6 5. Nc3 Nc6 6. Bg5 e6 7. Qd2 a6 8. O-O-O Bd7 9. f4 Be7 10. Bxf6 Bxf6 11. Nxc6 Bxc6 12. Qxd6 Qxd6 13. Rxd6 Bxc3 14.
bxc3 Bxe4 15. Rd4 Bf5 16. Be2 Rc8 17. Kb2 Ke7 18. g4 Bg6 19. Bf3 Rc7 20. Re1 Kf6 21.
h4 h5 22. f5 exf5 23. Rd6# 1-0

[Event "*** Titled Tuesday Blitz"]
[Site "Chess.com"]
[Date "2020.11.24"]
[Round "11"]
[White "Resignify"]
[Black "Vi_Los"]
[Result "1-0"]
[WhiteElo "2264"]
[BlackElo "2345"]
[TimeControl "180+1"]
[EndTime "12:20:10 PST"]
[Termination "Resignify won by resignation"]

1. e4 e5 2. Nf3 Nc6 3. Bb5 a6 4. Ba4 Nf6 5. O-O b5 6. Bb3 Bc5 7. Nxe5 Nxe5 8. d4 Bd6 9. dxe5 Bxe5 10. f4 Bd6 11. e5 Bc5+ 12. Kh1 1-0

[Event "*** Titled Tuesday Blitz"]
[Site "Chess.com"]
[Date "2020.11.24"]
[Round "11"]
[White "bazar-wokzal"]
[Black "tdf98pantani"]
[Result "1-0"]
[WhiteElo "2542"]
[BlackElo "2695"]
[TimeControl "180+1"]
[EndTime "12:20:19 PST"]
[Termination "bazar-wokzal won by resignation"]

1. e4 e5 2. Bc4 Nf6 3. d3 Bb4+ 4. c3 Ba5 5. f4 exf4 6. e5 d5 7. Bb5+ Nfd7 8. Bxf4 O-O 9. Nf3 c6 10. Ba4 Nc5 11. Bc2 Ne6 12. Bg3 d4 13. O-O Bb6 14. Kh1 Nd7 15. Nbd2 Ndc5 16. Nc4 Qd5 17.
b4 Na6 18. Nd6 dxc3 19. Bb3 Qb5 20. Nxb5 1-0

[Event "*** Titled Tuesday Blitz"]
[Site "Chess.com"]
[Date "2020.11.24"]
[Round "11"]
[White "woodhy"]
[Black "Quiet_Desperation"]
[Result "1-0"]
[WhiteElo "2459"]
[BlackElo "1730"]
[TimeControl "180+1"]
[EndTime "12:20:20 PST"]
[Termination "woodhy won by resignation"]

1. e4 e6 2. d4 d5 3. e5 Qd7 4. Nf3 b6 5. b3 Ba6 6. c4 Ne7 7. Be3 Nf5 8. Nbd2 Nxe3 9. fxe3 c5 10. Bd3 Nc6 11. O-O Nb4 12. Be2 Be7 13. a3 Nc6 14. cxd5 Bxe2 15. dxc6 Qxc6 16. Qxe2 1-0

[Event "*** Titled Tuesday Blitz"]
[Site "Chess.com"]
[Date "2020.11.24"]
[Round "11"]
[White "vova-79"]
[Black "Itk04"]
[Result "0-1"]
[WhiteElo "2476"]
[BlackElo "2464"]
[TimeControl "180+1"]
[EndTime "12:20:29 PST"]
[Termination "Itk04 won by resignation"]

1. d4 Nf6 2. c4 e6 3. Nc3 Bb4 4. e3 c5 5. Ne2 Nc6 6. a3 Bxc3+ 7. Nxc3 cxd4 8. exd4 d5 9. c5 O-O 10. Bf4 Ne4 11. Nxe4 dxe4 12. Bd6 Re8 13. Bc4 Qf6 14.
d5 exd5 15. Bxd5 e3 16. f3 Qxb2 17. Qc1 Qf2+ 18. Kd1 e2+ 0-1

[Event "*** Titled Tuesday Blitz"]
[Site "Chess.com"]
[Date "2020.11.24"]
[Round "11"]
[White "DonPreuss"]
[Black "niki_2003"]
[Result "1-0"]
[WhiteElo "2243"]
[BlackElo "2008"]
[TimeControl "180+1"]
[EndTime "12:20:30 PST"]
[Termination "DonPreuss won by checkmate"]

1. d4 Nf6 2. Nc3 e6 3. e4 Bb4 4. e5 Nd5 5. Bd2 Bxc3 6. bxc3 c5 7. Bd3 b6 8. Qg4 Kf8 9. Nh3 Qc7 10. O-O Bb7 11. f4 Ne7 12. f5 Qc6 13. fxe6 Qxe6 14.
Qh5 cxd4 15. Ng5 Qd5 16. Rxf7+ Kg8 17. Bxh7+ Rxh7 18. Qxh7# 1-0

[Event "*** Titled Tuesday Blitz"]
[Site "Chess.com"]
[Date "2020.11.24"]
[Round "11"]
[White "petrpalachev"]
[Black "Ranindu2003"]
[Result "1-0"]
[WhiteElo "2738"]
[BlackElo "2571"]
[TimeControl "180+1"]
[EndTime "12:20:46 PST"]
[Termination "petrpalachev won by resignation"]

1. d4 Nf6 2. Bf4 e6 3. e3 d5 4. Nf3 c5 5. c3 Nc6 6. Nbd2 cxd4 7. exd4 Nh5 8. Be3 Bd6 9. g3 O-O 10. Ne5 g6 11. f4 f6 12. Nxc6 bxc6 13. Bg2 Qe7 14.
O-O Ba6 15. Rf2 e5 16. fxe5 fxe5 17. Rxf8+ Rxf8 18. dxe5 Bxe5 19. Qe1 Re8 20. Bf2 Qd7 21. Qd1 Rf8 22. Nf3 Bg7 23. Qd2 Nf6 24. Re1 Ne4 25. Rxe4 Bh6 26. Qd1 dxe4 27. Qxd7 1-0

[Event "*** Titled Tuesday Blitz"]
[Site "Chess.com"]
[Date "2020.11.24"]
[Round "11"]
[White "biostatistician"]
[Black "ambaixador"]
[Result "1-0"]
[WhiteElo "2542"]
[BlackElo "2432"]
[TimeControl "180+1"]
[EndTime "12:20:48 PST"]
[Termination "biostatistician won by resignation"]

1. d4 d5 2. Nf3 Nf6 3. c4 e6 4. Bg5 Be7 5. e3 O-O 6. Nc3 Nbd7 7. Rc1 c6 8. Bd3 h6 9. Bh4 dxc4 10. Bxc4 Nd5 11.
Bg3 Re8 12. O-O Bf8 13. e4 Nxc3 14. Rxc3 Nb6 15. Bb3 Bd6 16. Ne5 Qe7 17. Qh5 Bd7 18.
Nxf7 Bxg3 19. Nxh6+ gxh6 20. Rxg3+ Kh7 21. Qg6+ Kh8 22. Qxh6+ Qh7 23. Qf6+ 1-0

[Event "*** Titled Tuesday Blitz"]
[Site "Chess.com"]
[Date "2020.11.24"]
[Round "11"]
[White "Sergey85Rodchenkov"]
[Black "jacky72"]
[Result "0-1"]
[WhiteElo "2445"]
[BlackElo "2674"]
[TimeControl "180+1"]
[EndTime "12:20:56 PST"]
[Termination "jacky72 won by resignation"]

1. e4 e5 2. Nf3 Nc6 3. Bc4 Bc5 4. d3 Nf6 5. O-O d6 6. c3 a6 7. Re1 h6 8. Nbd2 g5 9. Nf1 g4 10. N3d2 h5 11. b4 Ba7 12. a4 h4 13. Ne3 g3 14.
hxg3 hxg3 15. fxg3 Ng4 16. Nf1 Qg5 17. d4 Qh5 18.
Nxg4 Bxg4 19. Qd3 exd4 20. cxd4 Bxd4+ 21. Be3 Bxa1 22. Rxa1 Ne5 23. Qb3 O-O-O 24. Rc1 Be6 25. Bxe6+ fxe6 26. Qxe6+ Kb8 27. Bf4 Ng4 0-1

[Event "*** Titled Tuesday Blitz"]
[Site "Chess.com"]
[Date "2020.11.24"]
[Round "11"]
[White "tylityli"]
[Black "LamaChampetre"]
[Result "1-0"]
[WhiteElo "2326"]
[BlackElo "2216"]
[TimeControl "180+1"]
[EndTime "12:20:58 PST"]
[Termination "tylityli won by resignation"]

1. d4 Nf6 2. c4 e6 3. Nc3 Bb4 4. e3 O-O 5. Ne2 c6 6. a3 Ba5 7. b4 Bc7 8. e4 d5 9. e5 Nfd7 10. c5 Nxe5 11. dxe5 Bxe5 12. Bb2 a5 13. Nd4 axb4 14. axb4 Rxa1 15. Bxa1 Na6 16. Nc2 Qf6 17. Qf3 Qg6 18. Bd3 f5 19. Bxa6 bxa6 20. O-O Bc7 21.
Nd4 e5 22. Nxc6 Qxc6 23. Qxd5+ Qxd5 24. Nxd5 Bd8 25. Bxe5 Bb7 26. Nc7 f4 27. Ne6 Re8 28. Nxd8 Rxd8 29. Bxf4 Rd4 30. Bd6 Rxb4 31. c6 1-0

[Event "*** Titled Tuesday Blitz"]
[Site "Chess.com"]
[Date "2020.11.24"]
[Round "11"]
[White "louis198"]
[Black "aa175"]
[Result "0-1"]
[WhiteElo "2543"]
[BlackElo "2330"]
[TimeControl "180+1"]
[EndTime "12:21:28 PST"]
[Termination "aa175 won by resignation"]

1. d4 e5 2. c4 exd4 3. e3 Nc6 4. exd4 Nf6 5. Nf3 d5 6. c5 Ne4 7.
Bb5 Bg4 8. O-O Qf6 9. h3 Bxf3 10.
gxf3 Ng5 11. Re1+ Kd8 12. Kg2 Nxf3 13. Qxf3 Qxf3+ 14. Kxf3 Nxd4+ 15. Ke3 Bxc5 16. Kd3 Nxb5 17. a4 Nd6 18. Nc3 c6 19. Bf4 Kd7 20. f3 Rhe8 21.
a5 Rxe1 22. Rxe1 Re8 23. Rf1 Nc4 24. b3 Nxa5 25. Na4 Nxb3 26. Rb1 b5 0-1

[Event "*** Titled Tuesday Blitz"]
[Site "Chess.com"]
[Date "2020.11.24"]
[Round "11"]
[White "Akhayan"]
[Black "RaneshRatnesan"]
[Result "0-1"]
[WhiteElo "2245"]
[BlackElo "2141"]
[TimeControl "180+1"]
[EndTime "12:21:31 PST"]
[Termination "RaneshRatnesan won by resignation"]

1. d4 d5 2. c4 c6 3. Nf3 Nf6 4. e3 Bf5 5. Nc3 e6 6. Nh4 Bg6 7. Nxg6 hxg6 8. g3 Bd6 9. Bg2 Nbd7 10. O-O dxc4 11. Qe2 Nb6 12. e4 Be7 13. Be3 Qc7 14. b3 cxb3 15. axb3 O-O 16. Rfc1 Qd7 17. Rd1 Bb4 18. Na4 Nxa4 19. Rxa4 a5 20. Raa1 Rfd8 21. Rac1 Qe8 22. Bg5 Rd7 23. Bxf6 gxf6 24. e5 fxe5 25. dxe5 Rad8 26. Rxd7 Qxd7 27. h4 Qd2 28. Qxd2 Rxd2 29. Rc4 Rd3 30. Rg4 Kf8 31. h5 gxh5 32. Rg5 Rxb3 33.
Rxh5 Ke8 34. Rh8+ Bf8 0-1

[Event "*** Titled Tuesday Blitz"]
[Site "Chess.com"]
[Date "2020.11.24"]
[Round "11"]
[White "bratkoo"]
[Black "ArjunErigaisi2003"]
[Result "0-1"]
[WhiteElo "2548"]
[BlackElo "2907"]
[TimeControl "180+1"]
[EndTime "12:21:45 PST"]
[Termination "ArjunErigaisi2003 won by resignation"]

1. e4 g6 2. d4 Bg7 3. Nc3 d6 4. Bg5 h6 5. Bh4 a6 6. Qd2 b5 7. O-O-O Nd7 8. f4 c5 9. dxc5 Nxc5 10. e5 g5 11. fxg5 hxg5 12. Bxg5 Bxe5 13. Nf3 Bg7 14. Nd4 b4 15. Nd5 Ne4 16. Qf4 Nxg5 17. Kb1 Ne6 18.
Nxe6 Bxe6 19. Nxb4 Qb6 20. c3 Nf6 21. Bd3 Nd7 22. Rhe1 a5 23. Nc2 Bxc3 24. b3 Bxb3 0-1

[Event "*** Titled Tuesday Blitz"]
[Site "Chess.com"]
[Date "2020.11.24"]
[Round "11"]
[White "OMGCovid-19"]
[Black "politeplayer"]
[Result "0-1"]
[WhiteElo "1871"]
[BlackElo "2239"]
[TimeControl "180+1"]
[EndTime "12:21:46 PST"]
[Termination "politeplayer won by resignation"]

1. e4 e5 2. Nf3 Nf6 3. Nxe5 d6 4.
Nf3 Nxe4 5. Nc3 Nxc3 6. dxc3 Be7 7. Bd3 O-O 8. Bf4 Nd7 9. Qd2 b6 10. O-O-O Bb7 11. Ng5 h6 12. Nf3 Bxf3 13. gxf3 Bg5 14. Rhg1 Bxf4 15. Qxf4 Qf6 16. Qe4 g6 17. h4 Nc5 18. Qe3 Nxd3+ 19. cxd3 Kh7 20. h5 Rae8 21. Qd2 Qxf3 22. hxg6+ fxg6 23. Rh1 Qf4 24. Qxf4 Rxf4 25. Rde1 Rxe1+ 26. Rxe1 h5 27. Re7+ Kh6 28. Rxc7 h4 29.
Rxa7 h3 30. Re7 h2 31. Re1 Rxf2 32. Rh1 Rg2 0-1

[Event "*** Titled Tuesday Blitz"]
[Site "Chess.com"]
[Date "2020.11.24"]
[Round "11"]
[White "TC2304"]
[Black "FMOlexandrProhorov"]
[Result "1-0"]
[WhiteElo "2318"]
[BlackElo "2180"]
[TimeControl "180+1"]
[EndTime "12:21:54 PST"]
[Termination "TC2304 won by resignation"]

1. d4 g6 2. e4 Bg7 3. c3 d5 4. Nd2 dxe4 5. Nxe4 Nd7 6. Bd3 Ngf6 7. Ne2 O-O 8. O-O Nxe4 9. Bxe4 e5 10. Qb3 exd4 11. cxd4 c6 12. Be3 Nf6 13. Bf3 Nd5 14. Nc3 Nxe3 15.
fxe3 Qc7 16. Rac1 Be6 17. d5 c5 18. dxe6 fxe6 19. Qxe6+ Kh8 20. Nd5 Qa5 21. Ne7 Rae8 22.
Nxg6+ hxg6 23. Qh3+ Kg8 24. Bd5+ 1-0

[Event "*** Titled Tuesday Blitz"]
[Site "Chess.com"]
[Date "2020.11.24"]
[Round "11"]
[White "Nikolakis2014"]
[Black "pastouche06"]
[Result "1-0"]
[WhiteElo "2710"]
[BlackElo "2525"]
[TimeControl "180+1"]
[EndTime "12:21:56 PST"]
[Termination "Nikolakis2014 won by resignation"]

1. Nf3 d5 2. d4 Nf6 3. c4 e6 4.
g3 Be7 5. Bg2 O-O 6. O-O dxc4 7.
Qc2 a6 8. a4 c5 9. dxc5 Bxc5 10.
Nbd2 Nc6 11. Nxc4 Qe7 12. Bg5 h6 13. Bxf6 Qxf6 14. Rfd1 Qe7 15. Rac1 Nb4 16. Qb3 b6 17. Nfe5 Ra7 18. a5 b5 19. Nb6 Nd5 20. Bxd5 exd5 21. Nc6 Bxf2+ 22. Kxf2 Qf6+ 23. Qf3 1-0

[Event "*** Titled Tuesday Blitz"]
[Site "Chess.com"]
[Date "2020.11.24"]
[Round "11"]
[White "rugbyclub"]
[Black "Cambek64"]
[Result "0-1"]
[WhiteElo "2188"]
[BlackElo "2300"]
[TimeControl "180+1"]
[EndTime "12:22:05 PST"]
[Termination "Cambek64 won by resignation"]

1. d4 d6 2. e4 e5 3. Nf3 Nc6 4. Bb5 exd4 5. Qxd4 Bd7 6. Bxc6 Bxc6 7. Nc3 Nf6 8. Bg5 Be7 9. O-O O-O 10. Rfe1 Nd7 11. Bxe7 Qxe7 12. Nd5 Bxd5 13. exd5 Qf6 14. c4 a6 15.
Qxf6 Nxf6 16. Re7 Rac8 17. a4 Rfe8 18. Rae1 Kf8 19. Rxe8+ Nxe8 20. Kf1 Nf6 21. Nd4 g6 22. f3 c6 23. dxc6 bxc6 24. Kf2 c5 25. Nb3 Rb8 26.
Re3 Rb4 27. Rd3 Ke7 28. Na5 Rxa4 29. Nc6+ Kd7 30. Ne5+ Ke6 31. Nc6 Rxc4 0-1

[Event "*** Titled Tuesday Blitz"]
[Site "Chess.com"]
[Date "2020.11.24"]
[Round "11"]
[White "Geller_Jakov"]
[Black "ajdemipopushi"]
[Result "1-0"]
[WhiteElo "2586"]
[BlackElo "2436"]
[TimeControl "180+1"]
[EndTime "12:22:15 PST"]
[Termination "Geller_Jakov won by resignation"]

1. e4 c5 2. Nf3 g6 3. d4 cxd4 4. Nxd4 Bg7 5. Nc3 Nc6 6. Be3 Nf6 7. Bc4 O-O 8. Bb3 Ng4 9. Qxg4 Nxd4 10. Qd1 Nxb3 11.
axb3 d6 12. Bd4 a6 13. Bxg7 Kxg7 14. Qd4+ f6 15. h4 h5 16. f3 Be6 17. O-O-O Qa5 18.
Kb1 Qe5 19. Qe3 b5 20. Nd5 Bxd5 21. Rxd5 Qe6 22. f4 f5 23. Qd4+ Qf6 24. e5 dxe5 25. Rxe5 Rf7 26. g3 Rc8 27. Rhe1 Kf8 28. b4 Qc6 29. Rc5 1-0

[Event "*** Titled Tuesday Blitz"]
[Site "Chess.com"]
[Date "2020.11.24"]
[Round "11"]
[White "Jospem"]
[Black "vugarrasulov"]
[Result "1/2-1/2"]
[WhiteElo "3057"]
[BlackElo "2904"]
[TimeControl "180+1"]
[EndTime "12:22:16 PST"]
[Termination "Game drawn by agreement"]

1. e4 e6 2. d4 d5 3. Nc3 Bb4 4.
exd5 exd5 5. Bd3 Ne7 6. Ne2 O-O 7. O-O c6 8. Ng3 Nd7 9. Bf4 Ng6 10. Be3 Nf6 11. h3 Bd6 12. Qd2 Qc7 13. Nce2 Bd7 14. b3 Rae8 15. c4 Qd8 16. Nf5 Bb8 17. Neg3 Qc7 18.
Rfe1 Ne4 19. Bxe4 dxe4 1/2-1/2

[Event "*** Titled Tuesday Blitz"]
[Site "Chess.com"]
[Date "2020.11.24"]
[Round "11"]
[White "Euwe1234"]
[Black "vovachesss"]
[Result "0-1"]
[WhiteElo "2522"]
[BlackElo "2669"]
[TimeControl "180+1"]
[EndTime "12:22:16 PST"]
[Termination "vovachesss won by resignation"]

1. e4 c6 2. Nc3 d5 3. Nf3 dxe4 4. Nxe4 Nf6 5. Nxf6+ exf6 6. d4 Bd6 7. c3 O-O 8. Be3 Re8 9. Bd3 Nd7 10. Qc2 Nf8 11. O-O-O a5 12. h3 b5 13. g4 Be6 14. Kb1 Bd5 15.
Nh4 Bxh1 16. Rxh1 Qc7 17. Qd2 Ng6 18. Nf5 Bf4 19. h4 Bxe3 20. fxe3 Ne7 21. Rg1 Nxf5 22. gxf5 Kh8 23. e4 c5 24. h5 b4 25. h6 g6 26.
Qf2 g5 27. e5 bxc3 28. exf6 Rab8 29. b3 c4 30. Qg2 cxd3 31. Qxg5 c2+ 32. Kc1 Rg8 0-1

[Event "*** Titled Tuesday Blitz"]
[Site "Chess.com"]
[Date "2020.11.24"]
[Round "11"]
[White "GukeshDommaraju"]
[Black "esapunov"]
[Result "0-1"]
[WhiteElo "2885"]
[BlackElo "2832"]
[TimeControl "180+1"]
[EndTime "12:22:19 PST"]
[Termination "esapunov won by resignation"]

1. e4 c5 2. Nf3 d6 3. d4 cxd4 4. Nxd4 Nf6 5. Nc3 Nc6 6. Bg5 e6 7. Qd2 a6 8. O-O-O h6 9. Bh4 Nxe4 10. Qf4 Ng5 11. Nxc6 bxc6 12. Ne4 d5 13. Nxg5 hxg5 14. Bxg5 f6 15. Bh4 g5 16. Bxg5 fxg5 17. Qe5 Rh6 18. Bd3 Bd6 19. Qc3 Bd7 20. h4 gxh4 21. Rde1 Qf6 22. Qa5 Ke7 0-1

[Event "*** Titled Tuesday Blitz"]
[Site "Chess.com"]
[Date "2020.11.24"]
[Round "11"]
[White "malakismayil"]
[Black "AsaHoffmann"]
[Result "0-1"]
[WhiteElo "2271"]
[BlackElo "2392"]
[TimeControl "180+1"]
[EndTime "12:22:20 PST"]
[Termination "AsaHoffmann won by resignation"]

1. e4 d6 2. d4 Nf6 3. Nc3 c6 4. g3 e5 5. dxe5 dxe5 6. Qxd8+ Kxd8 7. Bg2 Be6 8. Nge2 Kc7 9. Be3 Nbd7 10. h3 Bc5 11.
Bxc5 Nxc5 12. O-O-O a5 13. f4 Nfd7 14. f5 Bc4 15. b3 Bxe2 16. Nxe2 f6 17. Rd2 Nb6 18.
Rhd1 Rhd8 19. g4 Rxd2 20. Rxd2 a4 21. b4 Ncd7 22. h4 Nc4 23. Rd3 a3 24. g5 Ra4 25. c3 b5 26. Kc2 c5 27. Rd5 Kc6 28.
bxc5 Nxc5 29. Rd8 Ne3+ 30. Kd2 Nxg2 31. Rg8 Nxe4+ 32. Kd3 Nf4+ 33. Nxf4 exf4 34. Rxg7 f3 35. Rxh7 fxg5 36. hxg5 Nxg5 37. Rh6+ Kd5 38. Rg6 f2 39. Ke2 Ne4 40. f6 Ke6 41. f7+ Kxf7 42. Rc6 Rc4 43. Rxc4 bxc4 0-1

[Event "*** Titled Tuesday Blitz"]
[Site "Chess.com"]
[Date "2020.11.24"]
[Round "11"]
[White "Grandmaster2B"]
[Black "IANOV0007"]
[Result "0-1"]
[WhiteElo "2514"]
[BlackElo "2446"]
[TimeControl "180+1"]
[EndTime "12:22:28 PST"]
[Termination "IANOV0007 won by resignation"]

1. e4 d6 2. d4 Nf6 3. Nc3 c6 4. f4 Qb6 5. Nf3 Bg4 6. Be2 Bxf3 7. Bxf3 e5 8. fxe5 dxe5 9. dxe5 Nfd7 10. e6 fxe6 11.
Qe2 Ne5 12. Rb1 Bc5 13. Bh5+ g6 14. Bf4 Bd4 15. Na4 Qa5+ 16. c3 O-O 17. Bxe5 Bxe5 18.
Qc4 gxh5 19. Qxe6+ Kh8 20. Rf1 Na6 21. Rxf8+ Rxf8 22. Qe7 Bg7 23. Qa3 Qe5 0-1

[Event "*** Titled Tuesday Blitz"]
[Site "Chess.com"]
[Date "2020.11.24"]
[Round "11"]
[White "Chess_Boxer123"]
[Black "Zarikovs1999"]
[Result "1-0"]
[WhiteElo "2522"]
[BlackElo "2387"]
[TimeControl "180+1"]
[EndTime "12:22:28 PST"]
[Termination "Chess_Boxer123 won by checkmate"]

1. f3 e5 2. g3 Nf6 3. Nh3 d5 4. Nf2 Bd6 5. Bg2 O-O 6. O-O c5 7. e4 Nc6 8. d3 Be6 9. a4 d4 10. Na3 Nd7 11. b3 f5 12. exf5 Bxf5 13. Nc4 Bc7 14. Ne4 a6 15. Bd2 Nf6 16. Nxc5 b6 17. Ne4 Nd5 18. f4 exf4 19. Qh5 g6 20. Qh6 Qd7 21.
Ng5 Nf6 22. Bxf4 Bxf4 23. Rxf4 Rae8 24. Raf1 Ng4 25. Rxg4 Bxg4 26. Bd5+ Be6 27. Bxe6+ Rxe6 28. Rxf8# 1-0